POWER)(#$@, neutral female scurrid Tourist }}}}}}}}}}}}}}}}}}}}}}}}}}}}}}}}}}}}}}}}}}}}}}}}}}}}}}}}}} }}}}}}}}}}}}}}}}}}}}}}}}}}}}}}}}}}}}}}}}}}}}}}}}}}}}} }}}}}}}}}.}}}}}}.....}}}}}}}}}}}}}}}}}}}}}}}}}}} }}}}}}}....}}}}}....}}}}}}}}}}}}}}}}}}}}}}} }...}}}}}}}}}}}....}}}..}}}}}}}}}}}}}} }...}}}}}}}}}}....}}}}..}}}}}}`}} }...}}}}}}}}}}}}}}}}}}}}}}}}}}- }...}}}}}}}}}}}}}}}}}}}}}}}}}.| }....}}}}}...}}}}}}}}}}}}}}...----- }.....}}}}}.}}}}}}}}}}}}}}}...`...|I }....}}}}}}}}}}}}}}}}}}}}}}%.`....| `I }..^.}}}}}}}}}}}}}}}}}}}}}}...- }.....}}}}}}}}}}}}}}}}}}}}}}}.| }......}}}}}}}}}}}}}}}}}}}}}}}- }....<..}}}}}}}%..}}}}}}}}}}}}}}}}}..... }.)...}}}}}}}}}}.....}}}}}}}}}}}}}}}}}}}}}}}}}}}}}}.....}} }}.`}}}}}}}}}}}}}....}}}}}}}}}}}}}}}}}}}}}}}}}}}}}}}..}}}}}}}}}}}}}}}}}}}}} }}}}}}}}}}}}}}}}}....}}}}}}}}}}}}}}}}}}}}}}}..}}..}}}}}}}}}}}}}}}})}}}}}}}} }}}}}}}}}}}}}}}}}}}}}}}}}}}}}}}}}}}}}}}}}}}}}}}}}}}}}}}}}}}}}}}}}}}}}}}}}}} }}}}}}}}}}}}}}}}}}}}}}}}}}}}}}}}}}}}}}}}}}}}}}}}}}}}}}}}}}}}}}}}}}}}}}}}}}} POWER)(#$@ the Sightseer Experience level: 5 Strength: 9 Dexterity: 11 Constitution: 14 Intelligence: 16 Wisdom: 9 Charisma: 16 Health: 0(30) Energy: 14(14) Def: 0 Gold: 2374 Moves: 841 Dungeon seed: LW5sUk_Q_pFhWkMT Game ID: POWER)(#$@_1498721919 Your Inventory: Coins $ - 2374 gold pieces Weapons a - 43 uncursed +2 darts (in quiver) Armor e - an uncursed +0 Hawaiian shirt (being worn) Comestibles b - an uncursed sprig of wolfsbane c - an uncursed tin of kobold meat d - 2 uncursed tripe rations f - an uncursed cream pie g - 3 uncursed eggs h - an uncursed tin of newt meat i - 2 uncursed food rations Scrolls k - an uncursed scroll of magic mapping v - 2 uncursed scrolls of scare monster Z - 2 uncursed scrolls of blank paper Potions j - 2 uncursed potions of extra healing z - an uncursed potion of monster detection Wands n - an uncursed wand of secret door detection (0:11) p - an uncursed wand of polymorph (0:6) Tools l - an uncursed expensive camera (0:48) m - an uncursed credit card o - an uncursed oil lamp (0:1359) q - an uncursed mirror Spells and supernatural/magical abilities: Name Level Category Fail Memory W - pray for help -- divine ? -- Your skills at the end: Miscellaneous Skills wands [Basic] Weapon Skills dart [Basic] Spellcasting Skills Final Attributes: You were fervently aligned. You were blinded. You had wounded legs. You had infravision. You were very stealthy. You are dead. Vanquished creatures: a gnome king a gnome lord a gray ooze 4 dwarves a hobbit a gecko 8 gnomes 2 garter snakes 2 jackals a newt 22 creatures vanquished. Voluntary challenges: You did not adorn yourself with jewelry or accessories. You did not cause conflict. You were not invisible. You did not have reflection. You were not displaced. You were an atheist. You never hit with a wielded weapon. You did not use containers. You did not apply a unicorn horn. You did not use plumbed fixtures. You did not drink any magical draughts. You read items or engraved 3 times, starting on turn 232. You never genocided any monsters. You never polymorphed an object. You never changed form. You used no wishes. You never split a pudding. You never wrote Elbereth's name. You violated your moral code, losing 4 points of alignment, starting on turn 520. Dungeon overview: The Dungeons of Doom: levels 1 to 26 Level 1 a long staircase Level 2 a fountain Level 3 an altar to Blind Io Level 4 an altar to Blind Io, a fountain stairs to The Gnomish Mines Level 5 Level 6 Level 7 a fountain Level 8 Level 9 Level 10 a fountain Level 11 Level 12 Level 13 Level 14 Level 15 a fountain Level 16 Level 17 a fountain Level 18 Level 19 Level 20 Level 21 Level 22 a fountain Level 23 Level 24 Level 25 <- You were here Level 26 The Gnomish Mines: levels 5 to 6 Level 5 stairs to The Dungeons of Doom Level 6 History has recorded: On T:1 you entered the Dungeons of Doom to retrieve the Amulet of Yendor! On T:140 you reached level 2 of The Dungeons of Doom. On T:256 you reached level 3 of The Dungeons of Doom. On T:437 you reached level 4 of The Dungeons of Doom. On T:462 you reached level 1 of The Gnomish Mines. On T:490 you advanced to experience level 2. On T:521 you advanced to experience level 3. On T:538 you advanced to experience level 4. On T:586 you reached level 2 of The Gnomish Mines. On T:688 you advanced to experience level 5. On T:732 you reached level 5 of The Dungeons of Doom. On T:734 you reached level 6 of The Dungeons of Doom. On T:736 you reached level 7 of The Dungeons of Doom. On T:739 you reached level 8 of The Dungeons of Doom. On T:741 you reached level 9 of The Dungeons of Doom. On T:746 you reached level 10 of The Dungeons of Doom. On T:752 you reached level 11 of The Dungeons of Doom. On T:754 you reached level 12 of The Dungeons of Doom. On T:757 you reached level 13 of The Dungeons of Doom. On T:759 you reached level 14 of The Dungeons of Doom. On T:761 you reached level 15 of The Dungeons of Doom. On T:766 you reached level 16 of The Dungeons of Doom. On T:766 you entered the Rogue tribute level. On T:769 you reached level 17 of The Dungeons of Doom. On T:771 you reached level 18 of The Dungeons of Doom. On T:773 you reached level 19 of The Dungeons of Doom. On T:775 you reached level 20 of The Dungeons of Doom. On T:778 you reached level 21 of The Dungeons of Doom. On T:780 you reached level 22 of The Dungeons of Doom. On T:782 you reached level 23 of The Dungeons of Doom. On T:784 you reached level 24 of The Dungeons of Doom. On T:787 you reached level 25 of The Dungeons of Doom. On T:790 you reached level 26 of The Dungeons of Doom. Score breakdown: Gold: 1547 ( 154 points) Experience: 5 levels ( 400 points) Exploration: 26 levels ( 750 points) Discoveries: 6 items ( 300 points) Variety of kills: 10 monsters ( 500 points) Major goal: (nothing yet) ( 0 points) Survival: died (score multiplied by 3) Total score: 6312 Latest messages: You are blinded by the flash! You can see again. You are blinded by the flash! You try to feel what is lying here on the floor. There is a staircase down here. You feel here a statue of a knight named Perseus. You sense a monster nearby! Something pricks your left leg! You hear a distant squeak. You hear a chugging sound. Something punches you! (2x) Something bites! Something punches you! (2x) You die... Final status: Aloha POWER)(#$@ the Tourist, killed by Medusa... You died in The Dungeons of Doom on dungeon level 25 with 6312 points, and 2374 pieces of gold, after 841 moves. You were level 5 with a maximum of 30 hit points when you died.